Map: Eternal Empire LE

Players

iGMacSed (MacSed) - Winner!

  • Race: Protoss Protoss
  • League: Master
  • Spawn Location: 1:00

JieShi

  • Race: Protoss Protoss
  • Spawn Location: 7:00

Event: DreamHack SC2 Masters 2020 Fall

VOD

Have the link to the VOD?

Description

Time

  • Played on: Sept. 6, 2020, 7:48 a.m.
  • Length: 17:08

All games in this series

Show
View Real Time Build Order
Export as new Build Order

iGMacSed Protoss - Winner!

Build Orders: Oracle Opening 

Get SALT Encoding   

  12  0:00  Probe  
  13  0:12  Probe  
  14  0:17  Pylon  
  14  0:24  Probe (Chrono Boost)  
  15  0:36  Gateway, Probe (Chrono Boost)  
  16  0:44  Probe (Chrono Boost)  
  16  0:46  Assimilator  
  17  0:51  Probe  
  17  0:56  Assimilator  
  18  1:03  Probe (Chrono Boost)  
  19  1:08  Gateway  
  19  1:12  Probe (Chrono Boost)  
  19  1:17  Probe (Chrono Boost)  
  20  1:25  Cybernetics Core  
  21  1:29  Probe  
  22  1:36  Pylon  
  22  1:42  Probe  
  23  1:54  Probe  
  24  2:02  Sentry, Warp Gate, Stalker  
  28  2:12  Pylon  
  28  2:28  Stalker  
  30  2:32  Stalker  
  32  2:39  Probe  
  33  2:50  Stargate  
  32  3:04  Nexus  
  32  3:06  Shield Battery  
  32  3:17  Shield Battery  
  32  3:29  Probe  
  32  3:31  Oracle (Chrono Boost)  
  36  3:41  Probe  
  36  3:43  Pylon  
  37  3:53  Probe  
  38  4:00  Oracle (Chrono Boost)  
  41  4:05  Probe  
  41  4:07  Adept x2  
  46  4:16  Probe  
  47  4:17  Probe  
  47  4:19  Twilight Council  
  47  4:28  Probe  
  47  4:30  Probe  
  44  4:40  Probe  
  44  4:42  Probe  
  44  4:43  Pylon  
  45  4:52  Probe  
  45  4:54  Probe  
  45  4:57  Dark Shrine  
  46  5:05  Probe  
  47  5:07  Adept  
  47  5:08  Adept, Probe  
  51  5:17  Probe (Chrono Boost)  
  51  5:21  Probe (Chrono Boost)  
  54  5:29  Pylon, Probe (Chrono Boost)  
  54  5:32  Probe (Chrono Boost)  
  55  5:36  Probe (Chrono Boost)  
  55  5:37  Probe (Chrono Boost)  
  57  5:43  Probe  
  57  5:47  Probe  
  57  5:55  Probe  
  54  5:57  Robotics Facility  
  54  5:59  Probe  
  54  6:00  Assimilator  
  54  6:04  Assimilator  
  55  6:07  Forge, Probe  
  55  6:09  Dark Templar x2  
  55  6:11  Probe  
  61  6:19  Probe  
  61  6:23  Probe  
  63  6:30  Pylon  
  63  6:31  Probe  
  64  6:35  Probe  
  65  6:43  Protoss Ground Weapons Level 1, Probe  
  65  6:44  Observer (Chrono Boost)  
  67  6:47  Probe  
  67  6:51  Blink (Chrono Boost), Stalker x2  
  70  6:55  Gateway  
  70  6:57  Gateway  
  70  7:02  Immortal  
  70  7:06  Pylon  
  71  7:18  Stalker x2  
  75  7:23  Nexus  
  75  7:29  Pylon  
  75  7:32  Probe  
  75  7:33  Pylon, Probe  
  77  7:42  Immortal  
  81  7:46  Photon Cannon  
  81  7:52  Probe x2  
  83  8:04  Probe, Photon Cannon  
  83  8:05  Shield Battery  
  84  8:10  Probe  
  85  8:15  Sentry  
  85  8:16  Gateway, Probe  
  85  8:17  Sentry, Gateway  
  90  8:28  Immortal  
  90  8:34  Charge  
  94  8:35  Photon Cannon  
  94  8:48  Gateway  
  94  8:49  Gateway  
  94  8:50  Protoss Ground Weapons Level 2 (Chrono Boost)  
  94  9:02  Stalker x3  
  100  9:03  Stalker  
  100  9:08  Pylon  
  102  9:15  Stalker x2  
  106  9:34  Probe  
  106  9:37  Robotics Bay  
  107  9:38  Robotics Facility  
  107  9:43  Pylon  
  107  9:45  Stalker x6  
  113  9:46  Stalker  
  113  9:49  Pylon  
  119  10:20  Stalker x6  
  119  10:21  Stalker x2  
  133  10:26  Nexus  
  130  10:28  Disruptor  
  130  10:29  Pylon  
  130  10:31  Probe  
  130  10:32  Probe  
  134  10:38  Disruptor  
  134  10:41  Probe  
  138  10:45  Zealot, Pylon  
  140  10:50  Pylon  
  140  11:02  Zealot x4  
  148  11:09  Photon Cannon  
  126  11:31  Stalker x8  
  135  11:33  Probe  
  135  11:37  Disruptor (Chrono Boost), Probe x2  
  135  11:39  Probe  
  142  11:45  Shield Battery, Probe  
  146  11:49  Probe  
  146  11:52  Disruptor (Chrono Boost)  
  111  12:10  Disruptor (Chrono Boost), Stalker x3  
  111  12:11  Zealot x5  
  111  12:14  Gateway  
  124  12:17  Gateway  
  124  12:18  Probe x3  
  124  12:19  Probe  
  124  12:20  Shield Battery  
  124  12:21  Pylon x2  
  128  12:32  Photon Cannon, Probe  
  128  12:36  Dark Templar x2  
  133  12:37  Zealot x4  
  141  12:47  Photon Cannon  
  141  12:50  Photon Cannon  
  141  12:52  Pylon  
  141  12:53  Disruptor  
  142  13:00  Zealot x5  
  150  13:11  Zealot x3  
  156  13:14  Probe x2  
  156  13:19  Nexus  
  158  13:22  Zealot, Dark Templar x2  
  158  13:26  Dark Templar x2  
  162  13:27  Zealot x3  
  159  13:34  Dark Templar  
  159  13:35  Zealot x2  
  165  13:42  Photon Cannon  
  165  13:44  Shield Battery  
  160  14:02  Disruptor (Chrono Boost)  
  147  14:03  Disruptor (Chrono Boost)  
  145  14:16  Nexus  
  139  14:24  Probe x3  
  139  14:28  Pylon  
  139  14:30  Photon Cannon  
  142  14:32  Photon Cannon  
  142  14:34  Pylon  
  142  14:35  Disruptor x2 (Chrono Boost)  
  142  14:36  Probe  
  142  14:37  Probe  
  150  14:40  Unknown  
  146  15:00  Zealot x9  
  146  15:04  Disruptor  
  165  15:13  Dark Templar  
  162  15:16  Observer  
  162  15:21  Zealot x5, Dark Templar  
  165  15:24  Gravitic Boosters  
  167  15:49  Zealot x9  
  179  15:53  Disruptor x2  
  185  16:01  Probe x2  
  185  16:02  Assimilator  
  187  16:06  Assimilator  
  187  16:07  Stalker  
  189  16:22  Stalker x2  
  189  16:23  Stalker x3  
  196  16:43  Stalker x2  
  200  16:53  Stalker x7  
Show
View Real Time Build Order
Export as new Build Order

JieShi Protoss 

Build Orders: Dark Templar Rush 

Get SALT Encoding   

  12  0:00  Probe  
  13  0:12  Probe  
  14  0:17  Pylon  
  14  0:24  Probe (Chrono Boost)  
  15  0:37  Probe (Chrono Boost)  
  15  0:38  Gateway  
  16  0:43  Probe (Chrono Boost)  
  16  0:47  Assimilator  
  17  0:51  Probe  
  17  0:55  Assimilator  
  18  1:03  Probe (Chrono Boost)  
  19  1:10  Gateway  
  19  1:13  Probe (Chrono Boost)  
  19  1:18  Probe (Chrono Boost)  
  20  1:25  Cybernetics Core  
  21  1:29  Probe  
  22  1:37  Pylon  
  22  1:42  Probe  
  23  1:55  Probe  
  24  2:01  Twilight Council  
  24  2:03  Warp Gate  
  24  2:04  Adept  
  26  2:10  Adept  
  28  2:19  Pylon  
  28  2:38  Dark Shrine  
  28  2:42  Stalker  
  30  2:45  Probe  
  31  2:51  Stalker  
  33  3:13  Nexus  
  33  3:15  Probe  
  32  3:27  Probe, Pylon  
  32  3:33  Pylon  
  31  3:39  Probe  
  32  3:51  Dark Templar  
  32  3:52  Dark Templar  
  32  3:54  Probe (Chrono Boost)  
  37  4:00  Shield Battery  
  37  4:04  Probe (Chrono Boost)  
  37  4:09  Blink (Chrono Boost)  
  38  4:15  Probe  
  39  4:26  Stalker  
  39  4:27  Probe  
  42  4:37  Dark Templar  
  42  4:39  Probe x2  
  42  4:46  Shield Battery  
  42  4:51  Probe x2  
  44  4:57  Stalker  
  46  5:04  Probe x2 (Chrono Boost)  
  48  5:10  Stalker  
  48  5:14  Probe x2 (Chrono Boost)  
  52  5:15  Shield Battery  
  52  5:21  Probe  
  52  5:22  Robotics Facility  
  52  5:25  Probe  
  54  5:34  Probe  
  54  5:35  Forge  
  55  5:38  Probe  
  55  5:41  Stalker  
  55  5:42  Stalker  
  60  5:46  Probe  
  59  5:50  Probe  
  59  5:55  Assimilator  
  59  5:59  Assimilator, Probe  
  59  6:02  Probe  
  59  6:04  Gateway  
  61  6:08  Stalker  
  61  6:09  Protoss Ground Weapons Level 1 (Chrono Boost), Stalker  
  65  6:11  Pylon  
  65  6:14  Probe  
  66  6:22  Probe  
  66  6:25  Observer (Chrono Boost)  
  68  6:26  Probe  
  68  6:30  Pylon  
  68  6:32  Pylon  
  69  6:36  Pylon  
  69  6:38  Sentry  
  69  6:39  Probe  
  70  6:40  Probe  
  67  6:51  Probe  
  67  6:52  Probe  
  69  7:03  Probe  
  69  7:05  Observer  
  69  7:07  Probe  
  66  7:15  Probe  
  66  7:19  Probe  
  66  7:21  Nexus  
  68  7:25  Observer  
  68  7:28  Probe (Chrono Boost)  
  69  7:36  Probe (Chrono Boost)  
  70  7:37  Gateway  
  70  7:39  Gateway, Probe (Chrono Boost)  
  70  7:40  Gateway  
  72  7:44  Probe (Chrono Boost)  
  72  7:45  Probe (Chrono Boost)  
  72  7:48  Dark Templar x2  
  77  7:55  Probe  
  77  7:57  Warp Prism  
  80  8:04  Photon Cannon  
  80  8:05  Probe  
  81  8:07  Probe  
  81  8:10  Photon Cannon  
  82  8:17  Probe  
  82  8:19  Probe  
  82  8:30  Protoss Ground Weapons Level 2 (Chrono Boost)  
  82  8:32  Probe (Chrono Boost)  
  84  8:35  Photon Cannon, Probe x2 (Chrono Boost)  
  84  8:36  Shield Battery  
  85  8:44  Probe (Chrono Boost)  
  86  8:49  Immortal (Chrono Boost)  
  86  8:55  Gateway  
  90  9:00  Gateway  
  90  9:07  Stalker x4  
  90  9:09  Archon  
  98  9:11  Assimilator  
  98  9:13  Sentry x2  
  98  9:14  Assimilator  
  102  9:20  Robotics Bay  
  102  9:27  Pylon  
  102  9:32  Probe x3  
  105  9:43  Stalker x2  
  108  9:48  Pylon  
  108  9:51  Robotics Facility  
  108  10:03  Stalker  
  108  10:04  Stalker x3  
  116  10:13  Stalker x2  
  117  10:18  Pylon  
  113  10:24  Pylon  
  113  10:29  Pylon  
  113  10:36  Disruptor (Chrono Boost), Probe  
  113  10:37  Pylon  
  113  10:39  Disruptor (Chrono Boost)  
  113  10:40  Nexus, Pylon  
  120  10:45  Zealot  
  121  10:58  Stalker  
  121  10:59  Stalker x4  
  131  11:04  Pylon  
  131  11:05  Pylon  
  131  11:09  Gateway  
  131  11:11  Disruptor (Chrono Boost), Gateway  
  130  11:14  Disruptor (Chrono Boost)  
  119  11:23  Stalker x2  
  119  11:24  Stalker x2  
  118  11:32  Stalker x3  
  118  11:42  Disruptor (Chrono Boost)  
  118  11:44  Disruptor (Chrono Boost)  
  124  11:47  Stalker x4  
  109  12:01  Stalker  
  109  12:02  Stalker x2  
  109  12:06  Protoss Ground Armor Level 1 (Chrono Boost)  
  111  12:09  Disruptor (Chrono Boost)  
  111  12:13  Warp Prism (Chrono Boost)  
  114  12:21  Sentry x2  
  114  12:22  Twilight Council, Sentry, Stalker x3  
  114  12:30  Probe  
  115  12:41  Nexus  
  115  12:42  Probe, Pylon  
  115  12:43  Stalker  
  115  12:44  Stalker x3  
  124  13:09  Stalker  
  124  13:10  Stalker x6  
  124  13:11  Stalker  
  140  13:12  Stalker  
  140  13:16  Disruptor  
  145  13:29  Probe  
  145  13:30  Probe x2  
  145  13:32  Photon Cannon  
  145  13:33  Shield Battery  
  148  13:38  Pylon  
  148  13:40  Disruptor, Pylon  
  123  14:01  Stalker x3  
  123  14:02  Stalker x4  
  129  14:03  Observer  
  123  14:17  Observer (Chrono Boost)  
  122  14:26  Probe  
  122  14:27  Disruptor (Chrono Boost)  
  122  14:29  Pylon  
  126  14:38  Probe  
  127  14:42  Nexus  
  127  14:43  Pylon  
  127  14:44  Photon Cannon  
  126  14:55  Stalker x3  
  126  14:56  Observer  
  127  15:03  Stalker  
  107  15:13  Stalker x2  
  103  15:15  Observer  
  100  15:25  Zealot  
  100  15:26  Zealot  
  103  15:39  Observer  
  103  15:52  Probe x2  
  105  15:57  Stalker  
  105  15:58  Stalker x3  
  105  15:59  Stalker  
  105  16:02  Stalker  
  105  16:04  Probe (Chrono Boost)  
  118  16:10  Probe (Chrono Boost)  
  119  16:14  Probe (Chrono Boost)  
  116  16:23  Stalker x3  
  96  16:40  Stalker  
  96  16:41  Stalker x2  
  102  16:53  Zealot x4  

Tags
 
Add a new tag
Caveats
  • Supply blocks, unpowered buildings, or Contaminate may cause inaccurate times.
  • Supply counts are checked every 10 seconds.